 Dungeon Crawl Stone Soup version 0.25-a0-253-g6f1b5d974a (webtiles) character file.

Game seed: 15968062873556269196, levelgen mode: deterministic

158 Lanoc the Chiller (level 5, -4/24 HPs)
             Began as a Vine Stalker Ice Elementalist on Dec 5, 2019.
             Was an Initiate of Vehumet.
             Slain by Duvessa
             ... wielding a +0 short sword
              (11 damage)
             ... on level 4 of the Dungeon.
             The game lasted 00:07:13 (2730 turns).

Lanoc the Chiller (Vine Stalker Ice Elementalist)   Turns: 2730, Time: 00:07:13

Health: -4/24      AC:  2    Str: 11    XL:     5   Next: 40%
Magic:  0/10       EV: 13    Int: 16    God:    Vehumet [......]
Gold:   171        SH:  0    Dex: 14    Spells: 2/10 levels left

rFire    . . .     SeeInvis .   g - +1 dagger (speed)
rCold    . . .     Gourm    .   (no shield)
rNeg     . . .     Faith    .   a - +0 robe
rPois    .         Spirit   +   (no helmet)
rElec    .         Reflect  .   (no cloak)
rCorr    .         Harm     .   (no gloves)
MR       .....                  (no boots)
Stlth    ++........             (no amulet)
HPRegen  0.48/turn              (no ring)
MPRegen  0.12/turn              (no ring)

@: no status effects
A: fangs 2, deterioration 1, regeneration 1, wild magic 1, magic shield,
antimagic bite, no potion heal 3, rot immunity
a: Renounce Religion


You were on level 4 of the Dungeon.
You worshipped Vehumet.
Vehumet was noncommittal.
You were not hungry.

You visited 1 branch of the dungeon, and saw 4 of its levels.

You collected 171 gold pieces.

Inventory:

Hand Weapons
 g - a +1 dagger of speed (weapon)
Missiles
 e - 30 arrows
 m - 10 poisoned darts (quivered)
Armour
 a - a +0 robe (worn)
Wands
 r - a wand of flame (17)
Scrolls
 d - a scroll of remove curse {unknown}
 f - 4 scrolls of amnesia {unknown}
 h - 5 scrolls of identify {unknown}
 i - 2 scrolls of teleportation {unknown}
 j - a scroll of blinking {unknown}
 l - a scroll of random uselessness {unknown}
 q - a scroll of enchant weapon {unknown}
Comestibles
 c - 8 rations
 o - a chunk of flesh


   Skills:
 + Level 2.5 Dodging
 - Level 2.4 Stealth
 + Level 3.3 Spellcasting
 * Level 5.4 Ice Magic


You had 2 spell levels left.
You knew the following spells:

 Your Spells              Type           Power        Failure   Level  Hunger
a - Freeze                Ice            ####         3%          1    None
b - Ozocubu's Armour      Chrm/Ice       ##......     26%         3    ###....
c - Hailstorm             Conj/Ice       ##......     61%         4    ####...

Your spell library contained the following spells:

 Spells                   Type           Power        Failure   Level  Hunger
 Summon Ice Beast         Ice/Summ       ##......     61%         4    ####...


Dungeon Overview and Level Annotations

Branches:
Dungeon (4/15)
 Temple: D:4-7

Altars:
Elyvilon
Ru
Vehumet
Yredelemnul

Annotations:
D:4 Dowan, Duvessa, Sigmund


Innate Abilities, Weirdness & Mutations

You have extremely sharp teeth.
Your natural rate of healing is unusually fast.
When hurt, damage is shared between your health and your magic reserves.
Your bite disrupts and absorbs the magic of your enemies.
Potions cannot restore your health.
You are immune to rotting.
Your body sometimes deteriorates upon taking damage.
Your spells are a little harder to cast, but a little more powerful.


Message History

Throwing (i - inventory)
m - 12 poisoned darts (quivered)
Press: ? - help, Shift-Dir - straight line, f/p - Duvessa
Aim: Duvessa, wielding a +0 short sword and wearing a +0 leather armour (lightly wounded)
You throw a poisoned dart. The poisoned dart hits Duvessa.
Duvessa is lightly wounded.
Duvessa hits you but does no damage.
Throwing (i - inventory)
m - 11 poisoned darts (quivered)
Press: ? - help, Shift-Dir - straight line, f/p - Duvessa
Aim: Duvessa, wielding a +0 short sword and wearing a +0 leather armour (lightly wounded)
You throw a poisoned dart. The poisoned dart hits Duvessa.
Duvessa is poisoned.
Duvessa is lightly wounded.
Duvessa hits you with a +0 short sword.
* * * LOW HITPOINT WARNING * * *
Dowan mumbles some strange words.
Dowan blinks!
Duvessa looks more healthy.
Duvessa says, "My weaknesses are his strengths!"
There is a stone staircase leading up here.
Duvessa hits you with a +0 short sword!
You die...

######### ######
....@..<. #....#
......... #....#
......... #....#
w.......> #....#
####.#### ##..##
#.. # #...## #
..##
####.#.@########
### ...
........e........
.Z..#..
#####.###.#######
....# #.#
#.######## #.@
#.# #..#.....#
#.##.# #.
##...### .......
.. ###...#
..####.
###...###. #.
#.......... #.


You could see Duvessa.

Vanquished Creatures
  An orc priest (D:2)
  Robin (D:2)
  2 adders
  An ooze (D:1)
  An adder skeleton (D:4)
  4 dart slugs
  A leopard gecko (D:2)
  4 orcs (D:3)
  3 bats (D:2)
  7 giant cockroaches
  13 goblins
  9 hobgoblins
  3 quokkas
  2 ball pythons
  5 frilled lizards
  12 kobolds
  5 rats
74 creatures vanquished.

Notes
Turn   | Place    | Note
-------+----------+-------------------------------------------
     0 | D:1      | Lanoc the Vine Stalker Ice Elementalist began the quest for
                  | the Orb.
     0 | D:1      | Reached XP level 1. HP: 9/9 MP: 4/4
   203 | D:1      | Reached XP level 2. HP: 5/13 MP: 0/6
  1002 | D:2      | Reached XP level 3. HP: 16/16 MP: 5/7
  1015 | D:2      | Learned a level 3 spell: Ozocubu's Armour
  1620 | D:2      | Gained mutation: Your natural rate of healing is unusually
                  | fast. [Vine Stalker growth]
  1620 | D:2      | Reached XP level 4. HP: 16/21 MP: 5/9
  1663 | D:2      | Noticed Robin
  1675 | D:2      | Killed Robin
  1849 | D:3      | Reached skill level 5 in Ice Magic
  1871 | D:2      | Reached XP level 5. HP: 13/24 MP: 0/10
  2030 | D:3      | Found a sacrificial altar of Ru.
  2265 | D:3      | Found a basalt altar of Yredelemnul.
  2324 | D:3      | Found a white marble altar of Elyvilon.
  2464 | D:4      | Noticed Sigmund
  2507 | D:3      | Became a worshipper of Ru the Awakened
  2526 | D:4      | Found a radiant altar of Vehumet.
  2548 | D:4      | Fell from the grace of Ru
  2548 | D:4      | Became a worshipper of Vehumet
  2690 | D:4      | Learned a level 4 spell: Hailstorm
  2704 | D:4      | Noticed Duvessa
  2705 | D:4      | Noticed Dowan
  2711 | D:4      | Gained mutation: Your body sometimes deteriorates upon
                  | taking damage. [potion of mutation]
  2711 | D:4      | Gained mutation: Your spells are a little harder to cast,
                  | but a little more powerful. [potion of mutation]
  2730 | D:4      | Slain by Duvessa

Levels and vault maps discovered:
D:1:      saegor_arrival_simple_d, layout_basic
D:2:      layout_loops_ring, uniq_robin
D:3:      layout_rooms, kennysheep_ying_yang, lemuel_doored_altar,
          grunt_ministairs_8
D:4:      layout_rooms, first_ration, vehumet_altar_wand_db, uniq_duvessa,
          uniq_sigmund, uniq_grinder

Skill      XL: |  1  2  3  4 |
---------------+-------------+-----
Dodging        | 2 |  2.5
Ice Magic      | 5 |  5.4
Spellcasting   | 3 |  3.3
Stealth        | |  2.4

Action                   |  1- 3 |  4- 6 || total
-------------------------+-------+-------++-------
Melee: Unarmed           |    16 |       ||    16
       Bite              |     6 |    13 ||    19
       Dagger            |    32 |    70 ||   102
Throw: Dart              |       |     7 ||     7
 Cast: Freeze            |    46 |    45 ||    91
  Use: Potion            |       |     4 ||     4
 Stab: Sleeping          |     3 |     4 ||     7
  Eat: Chunk             |     2 |     4 ||     6
Armor: Robe              |     8 |    10 ||    18
Dodge: Dodged            |    43 |    66 ||   109

Table legend:
 A = Non-vault XP
 B = Vault XP
 C = Vault XP percentage of total XP
 D = Non-vault monster count
 E = Vault monster count
 F = Vault count percentage of total count
                 A         B        C        D         E       F
            +---------+---------+-------+---------+---------+-------
      Total |     196 |      31 |  13.7 |      64 |      10 |  13.5
            +---------+---------+-------+---------+---------+-------
        D:1 |      33 |       0 |   0.0 |      17 |       0 |   0.0
        D:2 |      97 |      27 |  21.8 |      23 |       7 |  23.3
        D:3 |      42 |       2 |   4.5 |      19 |       2 |   9.5
        D:4 |      24 |       2 |   7.7 |       5 |       1 |  16.7
            +---------+---------+-------+---------+---------+-------
